AoeStats
← 海鸥

Pilgrims

509880513Analyzed
3v3 RM · 3d ago on Sep 28, 2026· 48m 16s· 6 players
Game mode
Random Map
Map size
Normal (6 player)
Population
200
Speed
Normal
Resources
Standard
Victory
Conquest
Starting age
Dark Age
Ending age
Imperial Age
RankedLock teamsTeams togetherTeam positionsShared explorationLock speedFull tech treeHidden civsTurbo modeCheats
Victory
Defeat
🇨🇳 Shu · China
898
+15
🇨🇱 Vikings · Chile
880
+15
🇫🇷 Wei · France
824
+18
🇹🇼 Britons · Taiwan
882
-17
🇨🇳 Goths · China
859
-32
🇮🇳 Ethiopians · India
852
-15
山海
11:43 Feudal Age
16:51 Man-at-Arms
18:09 Forging
20:13 Scale Mail Armor
24:08 Castle Age
26:23 Squires
27:02 Iron Casting
28:26 Long Swordsman
31:14 Horse Collar
37:02 Wheelbarrow
37:47 Chain Mail Armor
Kerrigan
dragoleopold
8:18 Loom
11:56 Feudal Age
17:38 Castle Age
21:40 Double-Bit Axe
22:42 Fletching
31:31 Imperial Age
33:41 Forging
34:12 Conscription
45:24 Heavy Camel Rider
wardjawulf
15:07 Feudal Age
17:32 Double-Bit Axe
18:43 Fishing Lines
22:46 Castle Age
21:55 Padded Archer Armor
21:45 Fletching
23:18 Crossbowman
24:04 Gillnets
26:13 Gillnets
26:28 Bodkin Arrow
27:55 Stone Mining
30:56 Bow Saw
36:26 Imperial Age
38:47 Two-Man Saw
37:38 Arbalester
38:53 Leather Archer Armor
38:38 Bracer
41:18 Ballistics
41:59 Chemistry
DTK
12:40 Feudal Age
海鸥
5:33 Loom
14:15 Feudal Age
14:52 Fishing Lines
15:10 Double-Bit Axe
16:53 Horse Collar
22:38 Castle Age
23:40 Elite Skirmisher
24:15 Fletching
24:25 Padded Archer Armor
25:04 Thumb Ring
25:16 Gillnets
25:40 Crossbowman
26:28 Bodkin Arrow
26:49 Leather Archer Armor
28:47 Bow Saw
32:27 Wheelbarrow
33:41 Stone Mining
41:28 Imperial Age
42:15 Arbalester
44:26 Hand Cart
47:47 Ballistics
48:27 Chemistry
47:38 Masonry
47:18 Town Watch
48:48 Two-Man Saw
Connection lost

Rejoining the realm…

Still unreachable

The connection could not be restored.

Session expired

The server has moved on; the page needs a fresh start.